 Dungeon Crawl Stone Soup version 0.32-a0-391-gce5c0aab1b (webtiles) character file.

Game seed: 16186136125090635658

9863 Strat the Basher (level 11, -1/97 HPs)
             Began as a Gnoll Chaos Knight on Feb 19, 2024.
             Was a Plaything of Xom.
             Succumbed to Erica's bolt of poison
             ... on level 10 of the Dungeon.
             The game lasted 00:36:37 (14694 turns).

Strat the Basher (Gnoll Chaos Knight)              Turns: 14694, Time: 00:36:38

Health: -1/97      AC: 24    Str: 13    XL:     11   Next: 53%
Magic:  17/20      EV: 11    Int: 11    God:    Xom [.*....]
Gold:   353        SH:  5    Dex: 13    Spells: 6/23 levels left

rFire   . . .        a - +5 morningstar (protect)
rCold   + + .        (no shield)
rNeg    . . .        n - +0 acid dragon scales
rPois   +            j - +0 helmet
rElec   .            (no cloak)
rCorr   +            g - +1 pair of gloves
SInv    .            u - +0 pair of boots
Will    ++...        s - amulet of reflection
Stlth   +++          q - ring of protection from cold
HPRegen 0.36/turn    w - ring of poison resistance
MPRegen 0.17/turn

%: reflection
@: lethally poisoned (-1 -> -16), ice-armoured, cleaving, under a protective
aura, constricted, studying Unarmed Combat
A: fangs 2, strong nose, distributed training, cold resistance 1, dopey 1,
strong-willed 2, sense surroundings 1, robust 1, teleportitis 1
a: Renounce Religion


You were on level 10 of the Dungeon.
You worshipped Xom.
You were a plaything of Xom.
You visited 1 branch of the dungeon, and saw 10 of its levels.

You collected 702 gold pieces.
You spent 349 gold pieces at shops.

Inventory:

Hand Weapons
 a - a +5 morningstar of protection (weapon)
 b - a +4 orcbow
 f - a +0 mace of chaos
 i - a +0 mace
 l - a +0 mace
 m - a +0 mace
Missiles
 c - a curare-tipped dart
 p - 11 poisoned darts (quivered)
Armour
 g - a +1 pair of gloves (worn)
 j - a +0 helmet (worn)
 k - a +2 leather armour
 n - +0 acid dragon scales (worn)
 u - a +0 pair of boots (worn)
Jewellery
 q - a ring of protection from cold (left hand)
 s - an amulet of reflection (around neck)
 w - a ring of poison resistance (right hand)
Talismans
 y - a maw talisman
Wands
 d - a wand of digging (4)
 x - a wand of mindburst (9)
Scrolls
 h - 3 scrolls of identify
 o - a scroll of silence
 t - 2 scrolls of revelation
 v - a scroll of fog
Potions
 e - a potion of enlightenment
 r - 2 potions of attraction


   Skills:
 + Level 9.4 Fighting
 + Level 6.6 Short Blades
 + Level 6.6 Long Blades
 + Level 6.6 Axes
 + Level 9.4 Maces & Flails
 + Level 6.6 Polearms
 + Level 6.6 Staves
 + Level 6.6 Ranged Weapons
 + Level 6.6 Throwing
 + Level 8.1 Armour
 + Level 7.2 Dodging
 + Level 6.6 Stealth
 + Level 6.6 Shields
 + Level 8.0 Unarmed Combat
 + Level 6.6 Spellcasting
 + Level 5.5 Conjurations
 + Level 5.5 Hexes
 + Level 5.5 Summonings
 + Level 5.5 Necromancy
 + Level 5.5 Translocations
 + Level 5.5 Fire Magic
 + Level 5.5 Ice Magic
 + Level 5.5 Air Magic
 + Level 5.5 Earth Magic
 + Level 5.5 Alchemy
 + Level 7.2 Invocations
 + Level 6.6 Evocations
 + Level 6.0 Shapeshifting


You had 6 spell levels left.
You knew the following spells:

 Your Spells              Type           Power      Damage    Failure   Level
a - Scorch                Fire           30%        2d6       4%          2
b - Blink                 Tloc           30%        N/A       4%          2
c - Call Imp              Summ           30%        N/A       4%          2
d - Ozocubu's Armour      Ice            15%        N/A       8%          3
e - Apportation           Tloc           30%        N/A       2%          1
f - Fulminant Prism       Conj/Alch      7%         3d6       26%         4
g - Fugue of the Fallen   Necr           15%        N/A       8%          3

Your spell library contained the following spells:

 Spells                   Type           Power      Damage    Failure   Level
 Magic Dart               Conj           60%        1d6       2%          1
 Necrotise                Necr           60%        1d7       2%          1
 Sting                    Conj/Alch      60%        1d6       2%          1
 Summon Small Mammal      Summ           60%        N/A       2%          1
 Searing Ray              Conj           30%        2d5       4%          2
 Dazzling Flash           Conj/Hex       30%        N/A       8%          3
 Volatile Blastmotes      Fire/Tloc      30%        2d12      8%          3
 Flame Wave               Conj/Fire      15%        2d7       26%         4
 Manifold Assault         Tloc           15%        N/A       26%         4
 Passage of Golubria      Tloc           15%        N/A       26%         4
 Vhi's Electric Charge    Tloc/Air       30%        N/A       26%         4
 Arcjolt                  Conj/Air       7%         1d17      58%         5
 Silence                  Hex/Air        7%         N/A       58%         5
 Summon Forest            Summ/Tloc      7%         N/A       58%         5
 Summon Mana Viper        Hex/Summ       15%        N/A       58%         5
 Dispersal                Tloc           7%         N/A       99%         6
 Plasma Beam              Fire/Air       7%         2x1d18    99%         6
 Starburst                Conj/Fire      7%         6d4       99%         6
 Summon Cactus Giant      Summ           7%         N/A       99%         6
 Disjunction              Tloc           7%         N/A       100%        8
 Lehudib's Crystal Spear  Conj/Erth      7%         10d3      100%        8
 Maxwell's Capacitive Co  Air            7%         ∞         100%        8


Dungeon Overview and Level Annotations

Branches:
Dungeon (10/15)            Temple (0/1) D:6             Orc (0/2) D:9
   Lair: D:8-11

Altars:
Ashenzari
Cheibriados
Fedhas
Hepliaklqana
Okawaru
Qazlal
Ru
Sif Muna
Trog
Uskayaw
Wu Jian
Xom
Yredelemnul
Zin
Beogh

Shops:
D:2 [:(

Annotations:
D:3 3 runed translucent doors, Ceno's ghost, amateur CoWr
D:4 3 runed translucent doors, zenocrate's ghost, amateur OpDe
D:8 Grum
D:10 Erica


Innate Abilities, Weirdness & Mutations

You have extremely sharp teeth.
Your uncanny sense of smell can sniff out nearby items.
Your experience applies equally to all skills.
Your flesh is cold resistant. (rC+)
You are dopey. (Int -2)
You are highly strong-willed. (Will++)
You passively map a small area around you.
You are robust. (+10% HP)
You are occasionally teleported next to monsters.


Message History

Okay, then.
You shoot an arrow. Something hits you.
* * * LOW HITPOINT WARNING * * *
Something burns you.
* * * LOW HITPOINT WARNING * * *
Something grabs you.
You are constricted.
* * * LOW HITPOINT WARNING * * *
Your +5 morningstar of protection hums with potential!
a - a +5 morningstar of protection (weapon)
Casting: Scorch (safe; 4% risk of failure)
Confirm with . or Enter, or press ? or * to list all spells.
A film of ice covers your body! Something hits you!!
* * * LOW HITPOINT WARNING * * *
Something burns you!
* * * LOW HITPOINT WARNING * * *
You are constricted.
The heat melts your icy armour.
Okay, then.
You miss something. Your bite misses something. You block something's attack.
You are constricted.
* * * LOW HITPOINT WARNING * * *
You barely miss something.
You hear some strange, mumbled words.
A bolt of poison appears from out of thin air!
The bolt of poison hits you!
You are poisoned.
You resist.
* * * LOW HITPOINT WARNING * * *
You are constricted.
* * * LOW HITPOINT WARNING * * *
Something hits you!
* * * LOW HITPOINT WARNING * * *
Something burns you.
* * * LOW HITPOINT WARNING * * *
You are constricted.
The heat melts your icy armour.
You puncture something!
Your weapon exudes an aura of protection.
You die...
Xom chuckles heartily!

..............#
#...#....
#...#.........#
#...##.#.
#####........)#
#...*#...
...##.......).#####
#)..####.
...##.............#
** #........
...##.............#
* ,......##.
....#...5......§§.#
*,.o.... ...
....#..........§{§#
*,,,.....#..
..#.#.##.....§.5@§#
,,........
....#.##.....§§§§§#
****#......#
♣.....#############
*. ..... .♣....#
*,.....# ♣.♣.### ,,
,, .♣..# *,,, , ,
♣...# ,,,,,,, ....#
,,,,,,, ..#.#
***,,,,


You could see a friendly crimson imp (summoned).

Vanquished Creatures
  A two-headed ogre (D:8)
  Pikel (D:8)
  Maggie (D:10)
  Psyche (D:8)
  2 hornets
  A wraith (D:10)
  14 yaks
  A wyvern (D:7)
  A steam dragon (D:9)
  Edmund (D:6)
  3 acid dragons
  3 orc warriors
  3 sky beasts
  2 black bears
  An ogre (D:2)
  4 wolves (D:8)
  8 centaurs
  2 lemures (D:8)
  3 weeping skulls (D:5)
  2 kobold brigands
  A bullfrog (D:8)
  2 scorpions
  2 gnoll sergeants (D:8)
  A water moccasin zombie (D:5)
  7 wights
  3 killer bees (D:7)
  An electric eel (D:8)
  4 howler monkeys
  6 bombardier beetles
  3 centaur zombies (D:5)
  9 hounds
  10 orc priests
  A gnoll bouda (D:5)
  A human zombie (D:5)
  A jelly (D:4)
  An iguana (D:6)
  2 sleepcaps (D:6)
  12 orc wizards
  A mummy (D:5)
  10 gnolls
  4 adders
  A shadow imp (D:6)
  A white imp (D:6)
  4 ufetubi
  2 dart slugs (D:2)
  4 ribbon worms
  32 orcs
  7 bats
  8 endoplasms
  6 giant cockroaches
  10 goblins
  11 hobgoblins
  6 jackals
  4 quokkas
  6 ball pythons
  A frilled lizard (D:1)
  11 kobolds
  3 rats
254 creatures vanquished.

Vanquished Creatures (collateral kills)
  An ogre (D:8)
  An orc wizard (D:8)
2 creatures vanquished.

Grand Total: 256 creatures vanquished

Notes
Turn   | Place    | Note
-------+----------+-------------------------------------------
     0 | D:1      | Strat the Gnoll Chaos Knight began the quest for the Orb.
     0 | D:1      | Reached XP level 1. HP: 23/23 MP: 1/1
    53 | D:1      | a bat changed into a sky beast
    53 | D:1      | Noticed a sky beast
    63 | D:1      | Killed a sky beast
    64 | D:1      | Reached skill level 1 in Short Blades
    64 | D:1      | Reached skill level 1 in Long Blades
    64 | D:1      | Reached skill level 1 in Axes
    64 | D:1      | Reached skill level 1 in Polearms
    64 | D:1      | Reached skill level 1 in Staves
    64 | D:1      | Reached skill level 1 in Ranged Weapons
    64 | D:1      | Reached skill level 1 in Throwing
    64 | D:1      | Reached skill level 1 in Stealth
    64 | D:1      | Reached skill level 1 in Shields
    64 | D:1      | Reached skill level 1 in Unarmed Combat
    64 | D:1      | Reached skill level 1 in Spellcasting
    64 | D:1      | Reached skill level 1 in Conjurations
    64 | D:1      | Reached skill level 1 in Hexes
    64 | D:1      | Reached skill level 1 in Summonings
    64 | D:1      | Reached skill level 1 in Necromancy
    64 | D:1      | Reached skill level 1 in Translocations
    64 | D:1      | Reached skill level 1 in Fire Magic
    64 | D:1      | Reached skill level 1 in Ice Magic
    64 | D:1      | Reached skill level 1 in Air Magic
    64 | D:1      | Reached skill level 1 in Earth Magic
    64 | D:1      | Reached skill level 1 in Alchemy
    64 | D:1      | Reached skill level 1 in Invocations
    64 | D:1      | Reached skill level 1 in Evocations
    64 | D:1      | Reached skill level 1 in Shapeshifting
    64 | D:1      | Reached XP level 2. HP: 6/29 MP: 1/3
    64 | D:1      | Reached XP level 3. HP: 7/35 MP: 1/4
    64 | D:1      | Reached XP level 4. HP: 8/41 MP: 1/5
   372 | D:1      | Reached XP level 5. HP: 46/47 MP: 7/7
   647 | D:1      | Learned a level 2 spell: Scorch
   858 | D:2      | Found Ygiunaol's Antique Armour Emporium.
   924 | D:2      | Found Ohiw's Weapon Emporium.
   925 | D:2      | Found Kobrorad's Book Shoppe.
  1172 | D:2      | Noticed an ogre
  1285 | D:2      | XOM: divination: detect items
  1391 | D:2      | XOM: divination: magic mapping
  1514 | D:2      | XOM: butterfly on damage
  1524 | D:2      | Killed an ogre
  1525 | D:2      | Reached skill level 5 in Armour
  1525 | D:2      | Reached XP level 6. HP: 27/53 MP: 3/9
  1643 | D:2      | You fall into a shaft and drop 1 floor!
  1706 | D:3      | XOM: potion effect (berserk rage)
  1990 | D:3      | XOM: silly message
  2206 | D:3      | XOM: divination: detect creatures
  2414 | D:3      | Found a runed translucent gate.
  2416 | D:3      | Found a runed translucent gate.
  2416 | D:3      | Found a runed translucent gate.
  2417 | D:3      | Noticed Ceno's ghost (amateur CoWr)
  2455 | D:3      | XOM: divination: detect items
  2796 | D:2      | Found a snail-covered altar of Cheibriados.
  3281 | D:3      | Found a roughly hewn altar of Beogh.
  3383 | D:4      | Found a hide-covered altar of Uskayaw.
  3384 | D:4      | Noticed a +0 hand axe
  3385 | D:4      | Noticed a +0 dagger
  3387 | D:4      | Noticed a black bear
  3505 | D:4      | Reached XP level 7. HP: 59/59 MP: 10/10
  3685 | D:4      | XOM: silly message
  3781 | D:4      | Found a runed translucent gate.
  3781 | D:4      | Found a runed translucent gate.
  3781 | D:4      | Found a runed translucent gate.
  3783 | D:4      | Noticed zenocrate's ghost (amateur OpDe)
  4088 | D:4      | XOM: noise
  4152 | D:5      | Entered Level 5 of the Dungeon
  4504 | D:5      | Found a glowing silver altar of Zin.
  4753 | D:5      | Learned a level 2 spell: Blink
  4756 | D:5      | Learned a level 2 spell: Call Imp
  4760 | D:5      | Learned a level 3 spell: Ozocubu's Armour
  4801 | D:5      | XOM: 1-stop teleportation journey
  4860 | D:5      | Found a shimmering altar of Xom.
  4866 | D:5      | XOM: confuse monster(s)
  4976 | D:5      | Found a broken altar of Ashenzari.
  5089 | D:5      | Reached XP level 8. HP: 48/67 MP: 1/12
  5229 | D:5      | XOM: cloud trail
  5600 | D:5      | XOM: smoke on damage
  5863 | D:5      | XOM: draining
  5914 | D:5      | XOM: summons 1 hostile shadow creature
  6071 | D:5      | Found a basalt altar of Yredelemnul.
  6436 | D:6      | Reached XP level 9. HP: 67/73 MP: 14/14
  6560 | D:6      | Identified the +1 glaive "Fuorozip" {venom, rPois rC+ rN+
                  | Str-5}
  6706 | D:6      | Found a staircase to the Ecumenical Temple.
  6725 | D:6      | XOM: confusion
  6733 | D:6      | Noticed Edmund
  6746 | D:6      | XOM: give mutation
  6746 | D:6      | Gained mutation: You are occasionally teleported next to
                  | monsters. [Xom's mischief]
  6752 | D:6      | Reached skill level 5 in Dodging
  6987 | D:6      | Killed Edmund
  7518 | D:6      | XOM: give mutations
  7518 | D:6      | Gained mutation: You are robust. (+10% HP) [Xom's mischief]
  7518 | D:6      | Gained mutation: You have large cloven feet. [Xom's
                  | mischief]
  7518 | D:6      | Gained mutation: You are dopey. (Int -2) [Xom's mischief]
  7518 | D:6      | Gained mutation: You passively map a small area around you.
                  | [Xom's mischief]
  7672 | D:6      | XOM: give mutations
  7672 | D:6      | Gained mutation: You have extremely sharp teeth. [Xom's
                  | mischief]
  7672 | D:6      | Lost mutation: You have large cloven feet. [Xom's mischief]
  7701 | D:7      | Found a snail-covered altar of Cheibriados.
  7996 | D:7      | Noticed a hornet
  8003 | D:7      | Paralysed by a hornet for 3 turns
  8009 | D:7      | Killed a hornet
  8087 | D:7      | XOM: silly message
  8153 | D:7      | Reached skill level 5 in Invocations
  8170 | D:7      | XOM: god gift: 19 gold pieces
  8551 | D:7      | XOM: 1-stop teleportation journey
  8692 | D:7      | XOM: divination: detect items
  8846 | D:7      | XOM: potion effect (haste)
  9236 | D:2      | Bought a +5 morningstar of protection for 349 gold pieces
  9403 | D:8      | Found a stormy altar of Qazlal.
  9508 | D:8      | Reached skill level 5 in Unarmed Combat
  9521 | D:8      | XOM: confuse monster(s)
  9637 | D:7      | XOM: god gift: leather armour {god gift}
  9653 | D:8      | Reached skill level 5 in Short Blades
  9653 | D:8      | Reached skill level 5 in Long Blades
  9653 | D:8      | Reached skill level 5 in Axes
  9653 | D:8      | Reached skill level 5 in Polearms
  9653 | D:8      | Reached skill level 5 in Staves
  9653 | D:8      | Reached skill level 5 in Ranged Weapons
  9653 | D:8      | Reached skill level 5 in Throwing
  9653 | D:8      | Reached skill level 5 in Stealth
  9653 | D:8      | Reached skill level 5 in Shields
  9653 | D:8      | Reached skill level 5 in Spellcasting
  9653 | D:8      | Reached skill level 5 in Evocations
  9653 | D:8      | Reached XP level 10. HP: 61/89 MP: 5/17
  9697 | D:8      | Found a shimmering altar of Xom.
  9717 | D:8      | XOM: god gift: chain mail {god gift}
  9762 | D:8      | XOM: 1-stop teleportation journey
  9769 | D:8      | XOM: potion effect (might)
  9914 | D:8      | Found a blossoming altar of Fedhas.
  9914 | D:8      | Found an ornate altar of the Wu Jian Council.
  9924 | D:8      | Noticed Grum
  9932 | D:8      | XOM: potion effect (heal wounds)
  9936 | D:9      | XOM: stealth player
 10133 | D:8      | Noticed a two-headed ogre
 10433 | D:8      | XOM: god gift: 23 gold pieces
 10479 | D:8      | XOM: 1-stop teleportation journey
 10577 | D:8      | XOM: cast spell 'Summon Mana Viper'
 10688 | D:8      | Found a hazy altar of Hepliaklqana.
 10710 | D:8      | XOM: divination: detect items
 10802 | D:8      | Noticed Pikel
 10805 | D:8      | XOM: cast spell 'Leda's Liquefaction'
 10810 | D:8      | XOM: enchant monster (good)
 10812 | D:8      | XOM: confuse monster(s)
 10875 | D:8      | XOM: confuse monster(s)
 10929 | D:8      | Killed Pikel
 10930 | D:8      | Reached skill level 5 in Shapeshifting
 11198 | D:8      | Learned a level 1 spell: Apportation
 11203 | D:8      | Learned a level 4 spell: Fulminant Prism
 11207 | D:8      | Learned a level 3 spell: Fugue of the Fallen
 11234 | D:8      | XOM: 2-stop teleportation journey
 11255 | D:8      | XOM: summons 2 friendly demons
 11258 | D:8      | XOM: divination: detect creatures
 11260 | D:8      | XOM: confuse monster(s)
 11266 | D:8      | Killed a two-headed ogre
 11518 | D:8      | XOM: confuse monster(s)
 11540 | D:8      | XOM: divination: magic mapping
 11985 | D:8      | Noticed Psyche
 11997 | D:8      | Killed Psyche
 11998 | D:8      | Reached skill level 5 in Conjurations
 11998 | D:8      | Reached skill level 5 in Hexes
 11998 | D:8      | Reached skill level 5 in Summonings
 11998 | D:8      | Reached skill level 5 in Necromancy
 11998 | D:8      | Reached skill level 5 in Translocations
 11998 | D:8      | Reached skill level 5 in Fire Magic
 11998 | D:8      | Reached skill level 5 in Ice Magic
 11998 | D:8      | Reached skill level 5 in Air Magic
 11998 | D:8      | Reached skill level 5 in Earth Magic
 11998 | D:8      | Reached skill level 5 in Alchemy
 12225 | D:8      | XOM: silly message
 12513 | D:8      | XOM: chaos upgrade
 12523 | D:8      | Reached XP level 11. HP: 84/97 MP: 20/20
 12759 | D:8      | XOM: silly message
 12815 | D:9      | XOM: silly message
 12824 | D:9      | XOM: silly message
 12825 | D:9      | XOM: potion effect (curing)
 13050 | D:9      | Found a staircase to the Orcish Mines.
 13107 | D:9      | Found a shimmering blue altar of Sif Muna.
 13162 | D:9      | XOM: 4-stop teleportation journey
 13276 | D:9      | Found a sacrificial altar of Ru.
 13495 | D:9      | XOM: give mutations
 13495 | D:9      | Gained mutation: You are strong-willed. (Will+) [Xom's
                  | grace]
 13495 | D:9      | Gained mutation: Your flesh is cold resistant. (rC+) [Xom's
                  | grace]
 13495 | D:9      | Gained mutation: You are highly strong-willed. (Will++)
                  | [Xom's grace]
 13878 | D:9      | Found a bloodstained altar of Trog.
 13925 | D:10     | Entered Level 10 of the Dungeon
 13936 | D:10     | XOM: summons friendly ufetubus
 13967 | D:10     | XOM: confuse monster(s)
 14095 | D:10     | XOM: divination: magic mapping
 14109 | D:10     | XOM: polymorph yak -> scorpion
 14207 | D:10     | XOM: polymorph yak -> tengu
 14412 | D:10     | Noticed Maggie
 14415 | D:10     | Noticed Erica
 14565 | D:10     | Killed Maggie
 14602 | D:10     | Found an iron altar of Okawaru.
 14677 | D:10     | XOM: summons friendly crimson imp
 14678 | D:10     | XOM: cleaving
 14693 | D:10     | HP: 3/97 [something (3)]
 14694 | D:10     | Succumbed to Erica's bolt of poison

Illustrated notes

Levels and vault maps discovered:
D:1:      wander_arrival_lonely_grave, layout_loops_ring
D:2:      layout_basic, serial_shops, shop, shop, shop, basic_altar
D:3:      layout_loops_corners, biasface_ghost_orc_armoury,
          palyth_stone_intersect, kennysheep_generic_room_6
D:4:      layout_basic, dancing_weapons_uskayaw, gammafunk_ghost_necromancy,
          minivault_25, hangedman_abyss_or_decor_stabs
D:5:      layout_basic, lemuel_mausoleum_altar_yredelemnul,
          evilmike_ruin_ashenzari, hangedman_feature_mirror
D:6:      layout_layer_cave, minmay_temple_entry_gardened_gates,
          kennysheep_small_square, uniq_edmund
D:7:      layout_loops_ring, slow_altar_1
D:8:      kennysheep_housing_project, layout_layer_cave,
          overflow_temple_1_default, worldfamousw_hep_ancestral_shrine,
          kennysheep_mini, nicolae_overflow_squiral, enter_bailey_8, uniq_grum,
          uniq_pikel, uniq_psyche
D:9:      layout_roguey, lightli_temple_of_fire, lemuel_crystal_altar,
          nicolae_ru_great_annihilating_truth, david_orc_2, minmay_circle_x
D:10:     layout_basic, nemelex_xobeh_ov_fountains_minmay, okawaru_trees_2,
          uniq_maggie, uniq_erica

Skill      XL: |  1  2  3  4  5  6  7  8  9 10 11 |
---------------+----------------------------------+-----
Short Blades   | 1 2 3 5 6 |  6.6
Long Blades    | 1 2 3 5 6 |  6.6
Axes           | 1 2 3 5 6 |  6.6
Polearms       | 1 2 3 5 6 |  6.6
Staves         | 1 2 3 5 6 |  6.6
Ranged Weapons | 1 2 3 5 6 |  6.6
Throwing       | 1 2 3 5 6 |  6.6
Stealth        | 1 2 3 5 6 |  6.6
Shields        | 1 2 3 5 6 |  6.6
Unarmed Combat | 1 2 3 5 7 8 |  8.0
Spellcasting   | 1 2 3 5 6 |  6.6
Conjurations   | 1 2 3 4 5 |  5.5
Hexes          | 1 2 3 4 5 |  5.5
Summonings     | 1 2 3 4 5 |  5.5
Necromancy     | 1 2 3 4 5 |  5.5
Translocations | 1 2 3 4 5 |  5.5
Fire Magic     | 1 2 3 4 5 |  5.5
Ice Magic      | 1 2 3 4 5 |  5.5
Air Magic      | 1 2 3 4 5 |  5.5
Earth Magic    | 1 2 3 4 5 |  5.5
Alchemy        | 1 2 3 4 5 |  5.5
Invocations    | 1 2 3 4 5 6 7 |  7.2
Evocations     | 1 2 3 5 6 |  6.6
Shapeshifting  | 1 2 3 4 5 6 |  6.0
Dodging        | 3 4 5 6 7 |  7.2
Armour         | 5 6 7 8 |  8.1
Fighting       | 7 8 9 |  9.4
Maces & Flails | 7 8 9 |  9.4

Action                     |  1- 3 |  4- 6 |  7- 9 | 10-12 || total
---------------------------+-------+-------+-------+-------++-------
  Melee: Mace              |    13 |   175 |   356 |       ||   544
         Bite              |     3 |    20 |    43 |    59 ||   125
         Morningstar       |       |       |    40 |   461 ||   501
   Fire: Sling             |       |    42 |    65 |       ||   107
         Orcbow            |       |       |       |    30 ||    30
   Cast: Scorch            |       |     3 |    66 |     8 ||    77
         Blink             |       |       |     2 |       ||     2
         Call Imp          |       |       |     2 |     2 ||     4
         Ozocubu's Armour  |       |       |       |     2 ||     2
  Evoke: Wand              |       |       |       |     3 ||     3
    Use: Scroll            |       |     7 |    12 |     7 ||    26
         Potion            |       |       |     4 |     5 ||     9
   Stab: Confused          |     2 |     1 |     2 |       ||     5
         Sleeping          |       |     4 |     6 |     2 ||    12
         Paralysed         |       |       |     1 |     1 ||     2
         Petrified         |       |       |     6 |       ||     6
         Invisible         |       |       |     4 |       ||     4
         Petrifying        |       |       |     2 |       ||     2
         Distracted        |       |       |       |     3 ||     3
 Armour: Leather armour    |     8 |   101 |   278 |   243 ||   630
         Acid dragon scale |       |       |       |   203 ||   203
  Dodge: Dodged            |     9 |   148 |   282 |   457 ||   896
  Block: Other             |       |       |       |    28 ||    28
         Reflection        |       |       |       |     1 ||     1

Table legend: (Time is in decaauts)
 A = Elapsed time spent in this place.
 B = Non-inter-level travel time spent in this place.
 C = Inter-level travel time spent in this place.
 D = Time resting spent in this place.
 E = Time spent auto-exploring this place.
 F = Levels seen in this place.
 G = Mean time per level.
                   A        B        C        D        E       F      G
               +--------+--------+--------+--------+--------+-----+--------+
         Total |  14732 |  14084 |    648 |   2829 |   7712 |  10 | 1473.2 |
       Dungeon |  14732 |  14084 |    648 |   2829 |   7712 |  10 | 1473.2 |
               +--------+--------+--------+--------+--------+-----+--------+

Top non-repeatable levels by time:
     D:8: 3182 daAuts
     D:5: 2120 daAuts
     D:7: 1637 daAuts
     D:6: 1538 daAuts
     D:9: 1473 daAuts
     D:3: 1395 daAuts
     D:2: 1245 daAuts
     D:4: 844 daAuts
     D:1: 817 daAuts
    D:10: 478 daAuts
